[ AOE2 MATCH · #483592251 ]
Team RMCumans vs Malians
[ REPLAY ANALYSIS · EXTRACTED FROM THE RECORDED GAME ]
Feudal
21:16
Castle
27:43
Imperial
47:21
| APM avg | 25.7 |
| APM peak | 71 |
| eAPM avg | 16.2 |
| Villagers / military | 129 / 273 |
Focus
⚔️ 42.6% · 🌾 57.4%
Kipchak ×214 · Fishing Ship ×45 · Steppe Lancer ×45 · Unknown (1260) ×26 · Trebuchet (Packed) ×8 · Monk ×6
Feudal
14:53
Castle
23:12
Imperial
—
| APM avg | 27.2 |
| APM peak | 57 |
| eAPM avg | 12.9 |
| Villagers / military | 117 / 245 |
Focus
⚔️ 34.6% · 🌾 65.4%
Spearman ×101 · Skirmisher ×79 · Gbeto ×57 · Battering Ram ×7 · Fishing Ship ×6 · Demolition Raft ×1
Feudal
14:11
Castle
19:02
Imperial
45:00
| APM avg | 28.2 |
| APM peak | 67 |
| eAPM avg | 11.3 |
| Villagers / military | 146 / 332 |
Focus
⚔️ 35.3% · 🌾 64.7%
Cavalry Archer ×166 · Magyar Huszar ×157 · Fishing Ship ×13 · Trebuchet (Packed) ×7 · Unknown (2626) ×3 · Monk ×2
Feudal
—
Castle
—
Imperial
—
| APM avg | 32.5 |
| APM peak | 69 |
| eAPM avg | 18.3 |
| Villagers / military | 207 / 196 |
Focus
⚔️ 42.4% · 🌾 57.6%
Spearman ×176 · Unknown (1974) ×166 · Fishing Ship ×34 · Unknown (1968) ×13 · Battering Ram ×10 · Skirmisher ×10
Feudal
14:19
Castle
—
Imperial
—
| APM avg | 5.6 |
| APM peak | 30 |
| eAPM avg | 3.3 |
| Villagers / military | 37 / 3 |
Focus
⚔️ 17.0% · 🌾 83.0%
Fishing Ship ×13 · Militia ×3 · Unknown (2626) ×3
Feudal
—
Castle
—
Imperial
—
| APM avg | 6.6 |
| APM peak | 36 |
| eAPM avg | 3.7 |
| Villagers / military | 43 / 10 |
Focus
⚔️ 16.2% · 🌾 83.8%
Fishing Ship ×12 · Militia ×10 · Unknown (2626) ×2
Feudal
15:44
Castle
21:26
Imperial
49:40
| APM avg | 43.1 |
| APM peak | 114 |
| eAPM avg | 15.7 |
| Villagers / military | 188 / 243 |
Focus
⚔️ 37.9% · 🌾 62.1%
Mangudai ×196 · Cavalry Archer ×38 · Trebuchet (Packed) ×9 · Fishing Ship ×3
Feudal
16:29
Castle
26:55
Imperial
48:25
| APM avg | 20.0 |
| APM peak | 50 |
| eAPM avg | 13.8 |
| Villagers / military | 128 / 281 |
Focus
⚔️ 45.1% · 🌾 54.9%
Knight ×138 · Archer ×79 · Scout Cavalry ×46 · Fishing Ship ×9 · Skirmisher ×8 · Battering Ram ×6
Match map
Initial resources + every placement click. Lines = walls · curves = elevation contours. ◆ gold · ⬟ stone · ● berries · ✦ relic · ◌ wall gap
Your base· Open — 12t gap
keinyoung's base· Open — 2t gap
DeLirium's base· Open — 5t gap
KingTeOTep's base· Open — unwalled flank
zsedc258's base· Open — 5t gap
Acontitua1424's base· Open — unwalled flank
P D M's base· Open — 6t gap
buua's base· Open — 2t gap
Smoothed initial terrain · ◌ = detected wall gap · hover for details
Inputs per minute
— juanibitel - - keinyoung
Build order — juanibitel
First 150 of 630 actions detected
| 1:48 | Build | Town Center |
| 5:36 | Create | Villager (Male) |
| 5:36 | Create | Villager (Male) |
| 5:36 | Create | Villager (Male) |
| 5:36 | Create | Villager (Male) |
| 5:37 | Create | Villager (Male) |
| 5:37 | Create | Villager (Male) |
| 5:49 | Build | House |
| 5:50 | Build | House |
| 6:14 | Create | Villager (Male) |
| 6:14 | Create | Villager (Male) |
| 7:06 | Create | Villager (Male) |
| 7:06 | Create | Villager (Male) |
| 7:45 | Create | Villager (Male) |
| 7:45 | Create | Villager (Male) |
| 8:36 | Build | Dock |
| 8:39 | Create | Villager (Male) |
| 8:39 | Create | Villager (Male) |
| 8:40 | Create | Villager (Male) |
| 9:05 | Create | Villager (Male) |
| 9:05 | Create | Villager (Male) |
| 9:45 | Create | Villager (Male) |
| 10:01 | Build | House |
| 10:11 | Create | Villager (Male) |
| 10:12 | Create | Villager (Male) |
| 10:12 | Create | Villager (Male) |
| 10:17 | Build | House |
| 10:55 | Create | Villager (Male) |
| 10:56 | Create | Villager (Male) |
| 10:56 | Create | Villager (Male) |
| 11:06 | Create | Villager (Male) |
| 11:31 | Build | Lumber Camp |
| 11:57 | Create | Villager (Male) |
| 11:58 | Create | Villager (Male) |
| 12:18 | Create | Villager (Male) |
| 12:18 | Create | Villager (Male) |
| 12:19 | Create | Villager (Male) |
| 12:19 | Create | Villager (Male) |
| 12:29 | Build | Lumber Camp |
| 12:57 | Create | Villager (Male) |
| 13:00 | Create | Villager (Male) |
| 13:34 | Create | Villager (Male) |
| 13:40 | Build | House |
| 13:41 | Build | House |
| 13:42 | Build | House |
| 13:59 | Build | Dock |
| 14:42 | Build | Dock |
| 15:00 | Build | House |
| 15:12 | Create | Villager (Male) |
| 15:12 | Create | Villager (Male) |
| 15:21 | Build | Mill |
| 15:30 | Create | Villager (Male) |
| 15:31 | Create | Villager (Male) |
| 15:31 | Create | Villager (Male) |
| 15:35 | Create | Fishing Ship |
| 15:35 | Create | Fishing Ship |
| 15:36 | Create | Fishing Ship |
| 15:36 | Create | Fishing Ship |
| 15:46 | Build | House |
| 15:54 | Create | Villager (Male) |
| 15:58 | Build | Outpost |
| 16:20 | Build | Outpost |
| 16:39 | Create | Fishing Ship |
| 16:39 | Create | Fishing Ship |
| 16:40 | Create | Fishing Ship |
| 16:40 | Create | Fishing Ship |
| 16:46 | Create | Fishing Ship |
| 16:46 | Create | Fishing Ship |
| 16:47 | Create | Fishing Ship |
| 16:47 | Create | Fishing Ship |
| 17:04 | Build | House |
| 17:05 | Build | House |
| 17:06 | Build | House |
| 17:22 | Create | Villager (Male) |
| 17:23 | Create | Villager (Male) |
| 17:23 | Create | Villager (Male) |
| 17:39 | Create | Fishing Ship |
| 17:39 | Create | Fishing Ship |
| 17:39 | Create | Fishing Ship |
| 17:50 | Build | House |
| 17:52 | Build | House |
| 18:05 | Build | Lumber Camp |
| 18:33 | Build | Barracks |
| 18:56 | Create | Fishing Ship |
| 18:56 | Create | Fishing Ship |
| 18:57 | Create | Fishing Ship |
| 19:06 | Research | Feudal Age |
| 19:26 | Build | Outpost |
| 19:37 | Create | Fishing Ship |
| 19:37 | Create | Fishing Ship |
| 19:38 | Create | Fishing Ship |
| 19:38 | Create | Fishing Ship |
| 19:49 | Build | House |
| 19:52 | Build | Outpost |
| 19:56 | Create | Villager (Male) |
| 19:57 | Create | Villager (Male) |
| 19:57 | Create | Villager (Male) |
| 19:57 | Create | Villager (Male) |
| 19:57 | Create | Villager (Male) |
| 19:58 | Create | Villager (Male) |
| 19:58 | Create | Villager (Male) |
| 19:59 | Create | Villager (Male) |
| 19:59 | Create | Villager (Male) |
| 21:16 | Age | Feudal Age |
| 21:21 | Build | Market |
| 21:22 | Build | Blacksmith |
| 21:24 | Create | Villager (Male) |
| 21:31 | Build | Town Center |
| 21:34 | Create | Villager (Male) |
| 21:35 | Create | Villager (Male) |
| 21:46 | Create | Fishing Ship |
| 21:47 | Create | Fishing Ship |
| 21:47 | Create | Fishing Ship |
| 21:48 | Create | Fishing Ship |
| 22:02 | Build | Stable |
| 22:02 | Build | Stable |
| 22:02 | Build | Stable |
| 22:03 | Build | Stable |
| 22:04 | Build | Stable |
| 22:10 | Research | Double-Bit Axe |
| 23:13 | Research | Bloodlines |
| 23:17 | Create | Villager (Male) |
| 23:18 | Create | Villager (Male) |
| 23:26 | Create | Villager (Male) |
| 23:26 | Create | Villager (Male) |
| 23:27 | Create | Villager (Male) |
| 23:27 | Create | Villager (Male) |
| 23:31 | Create | Fishing Ship |
| 23:31 | Create | Fishing Ship |
| 23:32 | Create | Fishing Ship |
| 23:32 | Create | Fishing Ship |
| 23:32 | Create | Fishing Ship |
| 23:33 | Create | Fishing Ship |
| 23:34 | Create | Fishing Ship |
| 23:34 | Create | Fishing Ship |
| 23:59 | Create | Villager (Male) |
| 24:00 | Create | Villager (Male) |
| 24:00 | Create | Villager (Male) |
| 24:00 | Create | Villager (Male) |
| 24:40 | Build | Stable |
| 24:41 | Build | Stable |
| 24:42 | Build | Stable |
| 25:03 | Research | Castle Age |
| 25:11 | Create | Villager (Male) |
| 25:12 | Create | Villager (Male) |
| 25:12 | Create | Villager (Male) |
| 25:19 | Create | Villager (Male) |
| 25:19 | Create | Villager (Male) |
| 25:34 | Create | Villager (Male) |
| 25:49 | Build | Fish Trap |
Build order — keinyoung
First 150 of 422 actions detected
| 1:32 | Build | Town Center |
| 2:52 | Build | House |
| 3:40 | Build | Dock |
| 3:44 | Create | Villager (Male) |
| 3:44 | Create | Villager (Male) |
| 3:44 | Create | Villager (Male) |
| 3:48 | Research | Loom |
| 3:49 | Create | Villager (Male) |
| 3:49 | Create | Villager (Male) |
| 3:49 | Create | Villager (Male) |
| 3:49 | Create | Villager (Male) |
| 5:07 | Create | Villager (Male) |
| 5:07 | Create | Villager (Male) |
| 5:07 | Create | Villager (Male) |
| 6:04 | Create | Villager (Male) |
| 6:04 | Create | Villager (Male) |
| 6:24 | Create | Villager (Male) |
| 6:24 | Create | Villager (Male) |
| 6:30 | Create | Villager (Male) |
| 6:44 | Build | House |
| 6:47 | Build | House |
| 6:59 | Create | Villager (Male) |
| 6:59 | Create | Villager (Male) |
| 7:30 | Create | Villager (Male) |
| 7:51 | Create | Villager (Male) |
| 7:51 | Create | Villager (Male) |
| 8:12 | Create | Villager (Male) |
| 8:12 | Create | Villager (Male) |
| 8:15 | Create | Fishing Ship |
| 8:34 | Create | Villager (Male) |
| 9:07 | Create | Fishing Ship |
| 9:25 | Create | Villager (Male) |
| 9:36 | Build | House |
| 9:38 | Build | House |
| 9:48 | Create | Villager (Male) |
| 9:48 | Create | Villager (Male) |
| 10:25 | Create | Villager (Male) |
| 10:27 | Create | Fishing Ship |
| 11:12 | Create | Villager (Male) |
| 11:12 | Create | Villager (Male) |
| 11:16 | Create | Fishing Ship |
| 11:47 | Build | Lumber Camp |
| 11:56 | Create | Villager (Male) |
| 11:57 | Create | Villager (Male) |
| 12:01 | Create | Fishing Ship |
| 12:43 | Research | Feudal Age |
| 13:02 | Build | Barracks |
| 13:08 | Create | Villager (Male) |
| 13:08 | Create | Villager (Male) |
| 13:28 | Create | Fishing Ship |
| 13:54 | Build | Mill |
| 14:40 | Build | Palisade Wall |
| 14:48 | Build | Farm |
| 14:53 | Age | Feudal Age |
| 15:00 | Build | Palisade Gate |
| 15:08 | Build | Palisade Wall |
| 15:17 | Create | Villager (Male) |
| 15:27 | Build | House |
| 15:28 | Build | House |
| 15:42 | Build | House |
| 15:43 | Build | House |
| 15:44 | Build | House |
| 15:48 | Create | Villager (Male) |
| 15:48 | Create | Villager (Male) |
| 15:58 | Build | Mining Camp |
| 16:10 | Build | Palisade Wall |
| 16:18 | Build | Palisade Wall |
| 16:31 | Create | Demolition Raft |
| 16:34 | Create | Villager (Male) |
| 16:45 | Build | Market |
| 17:19 | Build | Blacksmith |
| 17:22 | Create | Villager (Male) |
| 17:42 | Research | Double-Bit Axe |
| 18:31 | Build | Farm |
| 18:32 | Build | Farm |
| 18:33 | Build | Farm |
| 18:36 | Research | Horse Collar |
| 19:12 | Create | Villager (Male) |
| 19:12 | Create | Villager (Male) |
| 19:29 | Create | Villager (Male) |
| 19:35 | Build | Farm |
| 19:41 | Build | Farm |
| 19:42 | Build | Farm |
| 19:43 | Build | Farm |
| 19:55 | Build | Farm |
| 20:32 | Research | Castle Age |
| 20:37 | Build | Farm |
| 21:15 | Build | Palisade Wall |
| 21:19 | Build | Palisade Gate |
| 21:55 | Build | Watch Tower |
| 23:10 | Build | Farm |
| 23:12 | Age | Castle Age |
| 23:32 | Build | Castle |
| 23:37 | Research | Wheelbarrow |
| 23:37 | Research | Wheelbarrow |
| 23:59 | Create | Villager (Male) |
| 24:00 | Create | Villager (Male) |
| 24:00 | Create | Villager (Male) |
| 24:00 | Create | Villager (Male) |
| 25:05 | Create | Gbeto |
| 25:05 | Create | Gbeto |
| 25:06 | Create | Gbeto |
| 25:06 | Create | Gbeto |
| 25:06 | Create | Gbeto |
| 25:40 | Build | Siege Workshop |
| 25:46 | Build | Farm |
| 25:46 | Build | Farm |
| 25:47 | Build | Farm |
| 25:47 | Build | Farm |
| 25:49 | Build | Farm |
| 25:50 | Build | Farm |
| 25:50 | Build | Farm |
| 25:50 | Build | Farm |
| 26:27 | Research | Scale Mail Armor |
| 26:32 | Create | Gbeto ×5 |
| 26:32 | Create | Gbeto ×5 |
| 26:44 | Create | Villager (Male) |
| 26:45 | Create | Villager (Male) |
| 26:45 | Create | Villager (Male) |
| 26:45 | Create | Villager (Male) |
| 27:15 | Research | Bow Saw |
| 27:58 | Create | Battering Ram |
| 28:10 | Build | Archery Range |
| 28:18 | Create | Villager (Male) |
| 28:19 | Create | Villager (Male) |
| 28:39 | Research | Chain Mail Armor |
| 28:58 | Create | Villager (Male) |
| 28:59 | Create | Villager (Male) |
| 28:59 | Create | Villager (Male) |
| 29:07 | Create | Skirmisher |
| 29:07 | Create | Skirmisher |
| 29:20 | Create | Battering Ram |
| 29:55 | Research | Elite Skirmisher (upgrade) |
| 30:34 | Create | Battering Ram |
| 30:37 | Create | Skirmisher |
| 30:41 | Research | Padded Archer Armor |
| 30:42 | Research | Fletching |
| 30:47 | Create | Gbeto |
| 30:47 | Create | Gbeto |
| 30:48 | Create | Gbeto |
| 30:51 | Create | Villager (Male) |
| 30:51 | Create | Villager (Male) |
| 30:51 | Create | Villager (Male) |
| 30:58 | Create | Villager (Male) |
| 30:59 | Create | Villager (Male) |
| 30:59 | Create | Villager (Male) |
| 31:20 | Create | Gbeto |
| 31:20 | Create | Gbeto |
| 31:31 | Create | Skirmisher |
| 31:31 | Create | Skirmisher |
Build order — DeLirium
First 150 of 362 actions detected
| 0:10 | Build | Town Center |
| 2:15 | Build | House |
| 2:18 | Build | House |
| 2:31 | Create | Villager (Male) ×4 |
| 2:39 | Build | Dock |
| 3:32 | Research | Loom |
| 3:34 | Research | Loom |
| 3:37 | Build | House |
| 3:52 | Create | Fishing Ship |
| 4:02 | Build | House |
| 4:34 | Create | Villager (Male) |
| 4:34 | Create | Villager (Male) |
| 4:34 | Create | Villager (Male) |
| 4:48 | Create | Fishing Ship |
| 5:49 | Create | Villager (Male) |
| 5:53 | Create | Villager (Male) |
| 6:05 | Create | Villager (Male) |
| 6:20 | Create | Villager (Male) |
| 6:51 | Create | Fishing Ship |
| 7:09 | Create | Villager (Male) |
| 7:25 | Build | House |
| 7:29 | Create | Villager (Male) |
| 7:58 | Create | Villager (Male) |
| 7:59 | Create | Fishing Ship |
| 8:26 | Create | Villager (Male) |
| 8:27 | Create | Villager (Male) |
| 8:28 | Create | Fishing Ship |
| 8:36 | Build | House |
| 9:05 | Create | Fishing Ship |
| 9:17 | Build | House |
| 9:48 | Create | Villager (Male) |
| 9:48 | Create | Villager (Male) |
| 9:48 | Create | Villager (Male) |
| 9:50 | Create | Fishing Ship |
| 10:28 | Create | Villager (Male) |
| 10:29 | Create | Villager (Male) |
| 10:56 | Build | Mill |
| 10:58 | Create | Villager (Male) |
| 11:01 | Create | Fishing Ship |
| 11:02 | Create | Fishing Ship |
| 11:52 | Build | House |
| 12:01 | Research | Feudal Age |
| 12:08 | Create | Villager (Male) |
| 12:21 | Build | House |
| 12:24 | Build | House |
| 12:26 | Build | House |
| 12:52 | Create | Fishing Ship |
| 12:52 | Create | Fishing Ship |
| 14:00 | Build | Mining Camp |
| 14:06 | Create | Villager (Male) |
| 14:11 | Age | Feudal Age |
| 14:33 | Create | Villager (Male) |
| 14:58 | Create | Villager (Male) |
| 15:04 | Build | Market |
| 15:34 | Build | Blacksmith |
| 16:22 | Research | Castle Age |
| 16:22 | Research | Castle Age |
| 16:28 | Build | Lumber Camp |
| 16:44 | Create | Unit 2626 |
| 16:51 | Create | Unit 2626 |
| 17:14 | Build | Barracks |
| 18:17 | Build | Stable |
| 18:24 | Build | Archery Range |
| 18:26 | Research | Fletching |
| 18:26 | Research | Padded Archer Armor |
| 18:28 | Create | Villager (Male) |
| 18:29 | Create | Villager (Male) |
| 18:31 | Research | Double-Bit Axe |
| 18:34 | Research | Horse Collar |
| 18:46 | Build | Palisade Gate |
| 18:48 | Build | House |
| 18:50 | Build | House |
| 19:02 | Age | Castle Age |
| 19:06 | Research | War Galley (upgrade) |
| 19:08 | Create | Villager (Male) |
| 19:08 | Create | Villager (Male) |
| 19:49 | Create | Unit 2626 |
| 19:50 | Create | Villager (Male) |
| 19:55 | Create | Cavalry Archer |
| 19:55 | Create | Cavalry Archer |
| 20:17 | Build | Town Center |
| 20:26 | Create | Cavalry Archer |
| 21:03 | Create | Cavalry Archer |
| 21:03 | Create | Cavalry Archer |
| 21:22 | Create | Villager (Male) |
| 21:22 | Create | Villager (Male) |
| 21:22 | Create | Villager (Male) |
| 21:24 | Research | Bow Saw |
| 21:34 | Create | Cavalry Archer |
| 21:44 | Research | Bodkin Arrow |
| 22:09 | Create | Villager (Male) |
| 22:09 | Create | Villager (Male) |
| 22:17 | Create | Villager (Male) |
| 22:29 | Build | Town Center |
| 22:44 | Create | Cavalry Archer |
| 23:03 | Create | Villager (Male) ×5 |
| 23:41 | Create | Villager (Male) |
| 24:32 | Create | Villager (Male) ×5 |
| 24:37 | Create | Cavalry Archer |
| 24:37 | Create | Cavalry Archer |
| 24:37 | Create | Cavalry Archer |
| 24:37 | Create | Cavalry Archer |
| 24:44 | Build | Stable |
| 24:49 | Build | Archery Range |
| 25:00 | Build | Mining Camp |
| 26:22 | Research | Leather Archer Armor |
| 26:41 | Research | Bloodlines |
| 26:42 | Research | Husbandry |
| 27:01 | Create | Fishing Ship |
| 27:01 | Create | Fishing Ship |
| 27:05 | Build | House |
| 27:05 | Build | House |
| 27:05 | Build | House |
| 27:06 | Build | House |
| 27:06 | Build | House |
| 27:06 | Build | House |
| 27:06 | Build | House |
| 27:09 | Create | Villager (Male) ×3 |
| 27:14 | Build | Farm |
| 27:14 | Build | Farm |
| 27:14 | Build | Farm |
| 27:14 | Build | Farm |
| 27:15 | Build | Farm |
| 27:15 | Build | Farm |
| 27:21 | Build | Farm |
| 27:21 | Build | Farm |
| 27:22 | Build | Farm |
| 27:22 | Build | Farm |
| 27:22 | Build | Farm |
| 27:26 | Build | Farm |
| 27:27 | Build | Farm |
| 27:27 | Build | Farm |
| 27:31 | Build | House |
| 27:34 | Build | Farm |
| 27:43 | Create | Cavalry Archer |
| 27:43 | Create | Cavalry Archer |
| 27:43 | Create | Cavalry Archer |
| 27:44 | Create | Cavalry Archer |
| 28:22 | Create | Cavalry Archer |
| 28:24 | Create | Cavalry Archer |
| 28:25 | Create | Cavalry Archer |
| 28:27 | Create | Villager (Male) ×5 |
| 29:07 | Build | Dock |
| 29:43 | Create | Villager (Male) ×5 |
| 29:43 | Create | Villager (Male) ×5 |
| 29:52 | Create | Cavalry Archer ×5 |
| 30:16 | Build | House |
| 30:16 | Build | House |
| 30:17 | Build | House |
| 30:17 | Build | House |
Build order — KingTeOTep
First 150 of 343 actions detected
| 0:44 | Build | Town Center |
| 1:15 | Build | Dock |
| 1:58 | Build | House |
| 1:59 | Build | House |
| 2:52 | Create | Villager (Male) ×5 |
| 3:05 | Research | Loom |
| 4:18 | Build | House |
| 4:28 | Create | Villager (Male) |
| 5:07 | Create | Fishing Ship |
| 5:19 | Create | Villager (Male) |
| 5:32 | Build | House |
| 5:49 | Create | Fishing Ship |
| 6:08 | Create | Villager (Male) |
| 6:45 | Create | Villager (Male) |
| 7:14 | Create | Villager (Male) |
| 7:27 | Create | Fishing Ship ×2 |
| 8:07 | Create | Villager (Male) ×2 |
| 8:29 | Build | Mill |
| 8:35 | Create | Villager (Male) ×2 |
| 9:33 | Create | Fishing Ship |
| 10:07 | Build | Palisade Wall |
| 10:12 | Build | Palisade Gate |
| 10:22 | Build | House |
| 10:26 | Research | Feudal Age |
| 10:51 | Create | Fishing Ship |
| 11:45 | Build | Dock |
| 12:17 | Build | Lumber Camp |
| 12:34 | Create | Villager (Male) ×5 |
| 12:43 | Research | Double-Bit Axe |
| 13:12 | Research | Town Watch |
| 13:36 | Create | Fishing Ship |
| 13:42 | Research | Tech 906 |
| 14:21 | Create | Villager (Male) |
| 14:22 | Create | Villager (Male) |
| 14:43 | Build | Dock |
| 15:08 | Create | Villager (Male) |
| 15:09 | Create | Villager (Male) |
| 15:18 | Build | Barracks |
| 15:39 | Build | House |
| 15:48 | Create | Fishing Ship |
| 15:50 | Create | Fishing Ship |
| 16:00 | Create | Fishing Ship |
| 16:09 | Build | House |
| 16:12 | Build | House |
| 16:57 | Build | Barracks |
| 17:13 | Create | Villager (Male) |
| 17:14 | Create | Villager (Male) |
| 17:14 | Create | Villager (Male) |
| 17:14 | Create | Villager (Male) |
| 17:34 | Build | Blacksmith |
| 17:37 | Create | Villager (Male) |
| 17:37 | Create | Villager (Male) |
| 18:09 | Build | Archery Range |
| 18:45 | Research | Castle Age |
| 19:00 | Build | Mining Camp |
| 19:10 | Build | Dock |
| 19:15 | Create | Fishing Ship |
| 19:24 | Research | Scale Mail Armor |
| 19:25 | Research | Forging |
| 20:07 | Create | Fishing Ship |
| 20:09 | Create | Fishing Ship |
| 20:12 | Create | Fishing Ship |
| 20:23 | Research | Arson |
| 20:31 | Build | Barracks |
| 20:48 | Research | Gold Mining |
| 21:27 | Build | Dock |
| 21:32 | Research | Squires |
| 21:33 | Create | Unit 1974 ×5 |
| 21:36 | Create | Unit 1974 ×5 |
| 21:44 | Build | House |
| 21:45 | Build | House |
| 21:49 | Research | Bow Saw |
| 21:52 | Create | Villager (Male) ×5 |
| 22:09 | Create | Fishing Ship |
| 22:29 | Create | Unit 1974 ×4 |
| 22:55 | Build | Barracks |
| 23:17 | Research | Chain Mail Armor |
| 23:34 | Build | House |
| 23:36 | Build | House |
| 23:38 | Build | House |
| 23:44 | Build | Town Center |
| 23:56 | Build | Barracks |
| 24:33 | Create | Unit 1974 ×5 |
| 25:12 | Research | Iron Casting |
| 25:48 | Research | Gillnets |
| 26:08 | Create | Unit 1974 ×5 |
| 26:17 | Build | Barracks |
| 26:45 | Research | Fletching |
| 27:14 | Create | Unit 1974 ×5 |
| 27:27 | Build | Barracks |
| 27:32 | Create | Fishing Ship |
| 27:32 | Create | Fishing Ship |
| 27:50 | Build | House |
| 27:52 | Build | House |
| 28:03 | Research | Bodkin Arrow |
| 28:22 | Research | Horse Collar |
| 28:25 | Create | Villager (Male) ×2 |
| 28:32 | Build | Farm |
| 28:33 | Build | Farm |
| 28:35 | Build | Farm |
| 28:36 | Build | Farm |
| 28:49 | Build | Town Center |
| 29:08 | Build | Barracks |
| 29:27 | Create | Unit 1974 ×5 |
| 29:54 | Research | Wheelbarrow |
| 30:08 | Build | Lumber Camp |
| 30:16 | Build | Farm |
| 30:17 | Build | Farm |
| 30:18 | Build | Farm |
| 30:24 | Create | Villager (Male) ×5 |
| 31:00 | Create | Unit 1974 ×3 |
| 31:33 | Build | Dock |
| 31:40 | Build | Farm |
| 31:41 | Build | Farm |
| 31:48 | Research | Town Patrol |
| 31:49 | Create | Villager (Male) |
| 31:55 | Build | Farm |
| 33:35 | Research | Hand Cart |
| 33:36 | Create | Villager (Male) ×5 |
| 33:45 | Research | Stone Mining |
| 34:20 | Build | Lumber Camp |
| 34:30 | Research | Heavy Plow |
| 34:35 | Build | Farm |
| 34:43 | Create | Villager (Male) ×5 |
| 34:55 | Build | Farm |
| 35:32 | Build | Dock |
| 35:41 | Build | Castle |
| 35:52 | Create | Villager (Male) ×5 |
| 36:01 | Create | Fishing Ship |
| 36:02 | Create | Fishing Ship |
| 36:08 | Build | House |
| 36:09 | Build | House |
| 36:11 | Build | House |
| 36:26 | Create | Villager (Male) ×5 |
| 36:39 | Create | Fishing Ship |
| 36:46 | Build | Town Center |
| 36:57 | Create | Villager (Male) ×5 |
| 37:19 | Build | Lumber Camp |
| 37:25 | Create | Fishing Ship |
| 37:26 | Create | Fishing Ship |
| 37:28 | Create | Fishing Ship |
| 37:28 | Create | Fishing Ship |
| 37:46 | Build | Barracks |
| 38:25 | Research | Pikeman (upgrade) |
| 38:27 | Create | Spearman ×5 |
| 38:28 | Create | Spearman ×5 |
| 38:44 | Build | Dock |
| 38:55 | Build | Barracks |
| 39:03 | Create | Villager (Male) ×5 |
| 39:09 | Research | Padded Archer Armor |
Build order — zsedc258
105 actions detected in the replay
| 0:23 | Build | Town Center |
| 1:35 | Build | House |
| 1:37 | Build | House |
| 2:11 | Build | House |
| 2:12 | Build | House |
| 2:18 | Build | House |
| 2:55 | Create | Villager (Male) |
| 2:55 | Create | Villager (Male) |
| 2:55 | Create | Villager (Male) |
| 3:07 | Create | Villager (Male) |
| 3:07 | Create | Villager (Male) |
| 4:27 | Build | Dock |
| 4:52 | Create | Villager (Male) |
| 5:34 | Create | Fishing Ship |
| 5:46 | Create | Villager (Male) |
| 5:46 | Create | Villager (Male) |
| 6:15 | Create | Villager (Male) |
| 6:23 | Create | Fishing Ship |
| 6:50 | Create | Villager (Male) |
| 7:23 | Create | Villager (Male) |
| 7:23 | Create | Villager (Male) |
| 7:36 | Create | Fishing Ship |
| 7:42 | Create | Villager (Male) |
| 8:02 | Create | Fishing Ship |
| 8:16 | Create | Villager (Male) |
| 8:45 | Build | Mill |
| 8:49 | Create | Fishing Ship |
| 9:02 | Create | Villager (Male) |
| 9:02 | Create | Villager (Male) |
| 9:06 | Create | Villager (Male) |
| 9:06 | Create | Villager (Male) |
| 9:21 | Build | House |
| 9:31 | Create | Fishing Ship |
| 9:44 | Build | House |
| 9:44 | Build | House |
| 9:49 | Build | House |
| 10:16 | Create | Fishing Ship |
| 10:34 | Build | House |
| 10:52 | Build | Palisade Wall |
| 10:54 | Create | Villager (Male) |
| 10:55 | Create | Villager (Male) |
| 10:59 | Create | Fishing Ship |
| 11:01 | Create | Fishing Ship |
| 11:37 | Create | Villager (Male) |
| 11:43 | Build | House |
| 11:53 | Create | Fishing Ship |
| 11:57 | Create | Villager (Male) |
| 12:03 | Research | Feudal Age |
| 12:07 | Build | House |
| 12:25 | Build | Barracks |
| 12:41 | Create | Fishing Ship |
| 12:51 | Build | Lumber Camp |
| 13:22 | Build | House |
| 13:51 | Build | Palisade Gate |
| 14:02 | Create | Fishing Ship |
| 14:03 | Create | Fishing Ship |
| 14:19 | Age | Feudal Age |
| 14:22 | Create | Militia |
| 14:27 | Build | House |
| 14:34 | Research | Loom |
| 15:01 | Build | Watch Tower |
| 15:07 | Create | Villager (Male) |
| 15:07 | Create | Villager (Male) |
| 15:12 | Create | Militia |
| 15:12 | Create | Militia |
| 15:33 | Build | Blacksmith |
| 15:38 | Create | Villager (Male) |
| 15:39 | Create | Villager (Male) |
| 15:43 | Research | Tech 906 |
| 15:49 | Research | Double-Bit Axe |
| 16:17 | Build | Mining Camp |
| 16:18 | Create | Villager (Male) |
| 16:19 | Create | Villager (Male) |
| 16:51 | Build | Mining Camp |
| 17:34 | Create | Villager (Male) |
| 17:35 | Create | Villager (Male) |
| 17:51 | Build | Watch Tower |
| 18:32 | Create | Villager (Male) |
| 18:32 | Create | Villager (Male) |
| 18:58 | Create | Villager (Male) |
| 19:24 | Create | Villager (Male) |
| 19:24 | Create | Villager (Male) |
| 19:26 | Build | Farm |
| 19:26 | Build | Farm |
| 19:27 | Build | Farm |
| 19:27 | Build | Farm |
| 19:29 | Build | Farm |
| 19:30 | Build | Farm |
| 19:40 | Build | Market |
| 19:54 | Research | Fletching |
| 20:39 | Create | Villager (Male) |
| 20:59 | Create | Villager (Male) |
| 21:00 | Build | Farm |
| 21:00 | Build | Farm |
| 21:01 | Build | Farm |
| 21:28 | Research | Castle Age |
| 21:53 | Build | Watch Tower |
| 22:06 | Build | House |
| 22:23 | Research | Horse Collar |
| 22:51 | Build | House |
| 22:56 | Create | Unit 2626 |
| 22:57 | Create | Unit 2626 |
| 22:57 | Create | Unit 2626 |
| 23:22 | Build | House |
| 23:23 | Build | House |
Build order — Acontitua1424
116 actions detected in the replay
| 1:08 | Build | Town Center |
| 1:47 | Build | House |
| 2:06 | Build | House |
| 2:14 | Build | Mill |
| 2:43 | Build | House |
| 2:46 | Build | House |
| 3:29 | Create | Villager (Male) |
| 3:30 | Create | Villager (Male) |
| 3:30 | Create | Villager (Male) |
| 3:30 | Create | Villager (Male) |
| 3:30 | Create | Villager (Male) |
| 4:54 | Create | Villager (Male) |
| 5:27 | Create | Villager (Male) |
| 5:28 | Create | Villager (Male) |
| 5:38 | Create | Villager (Male) |
| 5:39 | Create | Villager (Male) |
| 6:05 | Create | Villager (Male) |
| 6:38 | Create | Villager (Male) |
| 6:38 | Create | Villager (Male) |
| 6:38 | Create | Villager (Male) |
| 7:31 | Create | Villager (Male) |
| 7:31 | Create | Villager (Male) |
| 7:31 | Create | Villager (Male) |
| 8:22 | Create | Villager (Male) |
| 8:22 | Create | Villager (Male) |
| 8:22 | Create | Villager (Male) |
| 8:22 | Create | Villager (Male) |
| 8:48 | Build | Dock |
| 9:07 | Create | Villager (Male) |
| 9:07 | Create | Villager (Male) |
| 9:08 | Create | Villager (Male) |
| 9:08 | Create | Villager (Male) |
| 9:11 | Build | House |
| 9:13 | Build | House |
| 9:52 | Build | House |
| 9:54 | Build | House |
| 10:09 | Create | Fishing Ship |
| 10:10 | Create | Fishing Ship |
| 10:18 | Create | Fishing Ship |
| 10:37 | Build | Farm |
| 10:39 | Create | Villager (Male) |
| 10:45 | Create | Villager (Male) |
| 10:48 | Create | Fishing Ship |
| 11:03 | Build | Farm |
| 11:38 | Build | Farm |
| 11:39 | Create | Villager (Male) |
| 12:06 | Build | Dock |
| 12:09 | Create | Villager (Male) |
| 12:10 | Create | Villager (Male) |
| 12:14 | Build | Farm |
| 12:19 | Build | Farm |
| 12:36 | Create | Fishing Ship |
| 12:36 | Create | Fishing Ship |
| 12:47 | Build | Farm |
| 12:57 | Build | Farm |
| 13:16 | Create | Villager (Male) |
| 13:17 | Create | Villager (Male) |
| 13:31 | Create | Fishing Ship |
| 13:33 | Create | Fishing Ship |
| 13:52 | Create | Villager (Male) |
| 14:09 | Build | Farm |
| 14:14 | Create | Villager (Male) |
| 14:21 | Create | Fishing Ship |
| 14:24 | Create | Fishing Ship |
| 14:36 | Research | Feudal Age |
| 14:49 | Build | Mining Camp |
| 15:05 | Create | Fishing Ship |
| 15:10 | Create | Fishing Ship |
| 15:25 | Build | House |
| 15:29 | Build | House |
| 15:29 | Build | House |
| 15:35 | Build | House |
| 15:35 | Build | House |
| 15:36 | Build | House |
| 15:36 | Build | House |
| 15:37 | Build | House |
| 15:39 | Build | House |
| 16:31 | Build | Lumber Camp |
| 16:50 | Create | Villager (Male) |
| 16:50 | Create | Villager (Male) |
| 16:51 | Create | Villager (Male) |
| 17:15 | Build | House |
| 17:17 | Build | House |
| 17:18 | Build | House |
| 17:26 | Research | Wheelbarrow |
| 17:28 | Research | Double-Bit Axe |
| 17:51 | Create | Unit 2626 |
| 17:56 | Create | Unit 2626 |
| 18:06 | Create | Villager (Male) |
| 18:24 | Build | Barracks |
| 18:34 | Create | Villager (Male) |
| 19:56 | Build | Outpost |
| 20:00 | Research | Town Watch |
| 20:01 | Research | Loom |
| 20:07 | Build | Blacksmith |
| 20:13 | Build | Barracks |
| 20:44 | Build | Outpost |
| 20:47 | Create | Villager (Male) |
| 20:47 | Create | Villager (Male) |
| 20:48 | Create | Villager (Male) |
| 20:48 | Create | Villager (Male) |
| 21:01 | Build | Stable |
| 22:10 | Build | Watch Tower |
| 22:19 | Build | Gate |
| 22:38 | Research | Castle Age |
| 23:23 | Research | Fletching |
| 23:23 | Research | Forging |
| 23:24 | Research | Scale Mail Armor |
| 23:24 | Research | Scale Mail Armor |
| 23:27 | Research | Man-at-Arms (upgrade) |
| 23:29 | Research | Arson |
| 23:49 | Build | Farm |
| 24:16 | Create | Militia ×5 |
| 24:16 | Create | Militia ×5 |
| 25:15 | Build | House |
| 25:16 | Build | House |
Build order — P D M
First 150 of 569 actions detected
| 3:00 | Build | Town Center |
| 3:36 | Build | House |
| 4:02 | Build | Dock |
| 4:43 | Build | House |
| 5:14 | Create | Villager (Male) |
| 5:14 | Create | Villager (Male) |
| 5:15 | Create | Villager (Male) |
| 5:15 | Create | Villager (Male) |
| 5:15 | Create | Villager (Male) |
| 6:12 | Create | Villager (Male) |
| 6:13 | Create | Villager (Male) |
| 6:40 | Create | Villager (Male) |
| 6:40 | Create | Villager (Male) |
| 6:58 | Create | Villager (Male) |
| 7:51 | Create | Villager (Male) |
| 7:51 | Create | Villager (Male) |
| 8:20 | Create | Villager (Male) |
| 8:20 | Create | Villager (Male) |
| 8:20 | Create | Villager (Male) |
| 8:20 | Create | Villager (Male) |
| 8:54 | Create | Villager (Male) |
| 8:55 | Create | Villager (Male) |
| 8:55 | Create | Villager (Male) |
| 8:55 | Create | Villager (Male) |
| 8:55 | Create | Villager (Male) |
| 9:21 | Create | Villager (Male) |
| 9:21 | Create | Villager (Male) |
| 9:30 | Build | House |
| 9:49 | Create | Villager (Male) |
| 9:49 | Create | Villager (Male) |
| 10:00 | Create | Villager (Male) |
| 10:00 | Create | Villager (Male) |
| 10:12 | Create | Fishing Ship |
| 10:27 | Create | Villager (Male) |
| 10:28 | Create | Villager (Male) |
| 10:28 | Create | Villager (Male) |
| 10:56 | Create | Fishing Ship |
| 11:01 | Build | House |
| 11:31 | Create | Villager (Male) |
| 11:49 | Build | Lumber Camp |
| 12:26 | Build | Mill |
| 13:07 | Build | Mining Camp |
| 13:25 | Research | Feudal Age |
| 14:02 | Create | Fishing Ship |
| 14:10 | Build | House |
| 14:29 | Build | House |
| 15:19 | Build | Barracks |
| 15:44 | Age | Feudal Age |
| 16:13 | Research | Loom |
| 16:25 | Create | Villager (Male) |
| 16:31 | Build | Blacksmith |
| 17:09 | Create | Villager (Male) |
| 17:54 | Build | Archery Range |
| 18:28 | Build | Farm |
| 18:36 | Research | Double-Bit Axe |
| 18:46 | Research | Castle Age |
| 19:03 | Research | Horse Collar |
| 19:45 | Build | Lumber Camp |
| 20:54 | Build | Archery Range |
| 21:02 | Research | Fletching |
| 21:10 | Create | Villager (Male) |
| 21:11 | Create | Villager (Male) |
| 21:26 | Age | Castle Age |
| 21:37 | Build | Town Center |
| 21:47 | Create | Cavalry Archer |
| 21:58 | Create | Cavalry Archer |
| 22:15 | Create | Villager (Male) |
| 22:20 | Build | Farm |
| 22:39 | Build | Lumber Camp |
| 22:51 | Create | Villager (Male) |
| 22:51 | Create | Villager (Male) |
| 23:06 | Create | Cavalry Archer |
| 23:07 | Create | Cavalry Archer |
| 23:22 | Build | Mining Camp |
| 23:26 | Create | Villager (Male) |
| 23:30 | Create | Villager (Male) |
| 23:33 | Research | Bow Saw |
| 23:45 | Create | Villager (Male) |
| 23:47 | Create | Cavalry Archer |
| 23:47 | Create | Cavalry Archer |
| 23:54 | Build | House |
| 23:55 | Build | House |
| 25:07 | Create | Cavalry Archer |
| 25:07 | Create | Cavalry Archer |
| 25:21 | Create | Villager (Male) |
| 25:21 | Create | Villager (Male) |
| 25:40 | Build | Mill |
| 25:42 | Build | House |
| 25:43 | Build | House |
| 25:44 | Build | House |
| 25:45 | Create | Villager (Male) |
| 25:45 | Create | Villager (Male) |
| 25:46 | Create | Villager (Male) |
| 26:06 | Create | Villager (Male) |
| 26:06 | Create | Villager (Male) |
| 26:07 | Create | Villager (Male) |
| 26:07 | Create | Villager (Male) |
| 26:09 | Research | Stone Mining |
| 26:12 | Create | Cavalry Archer |
| 26:12 | Create | Cavalry Archer |
| 26:22 | Research | Heavy Plow |
| 26:25 | Build | Farm |
| 26:26 | Build | Farm |
| 26:28 | Create | Villager (Male) |
| 26:50 | Build | Farm |
| 26:51 | Create | Villager (Male) |
| 26:52 | Create | Villager (Male) |
| 27:09 | Build | Town Center |
| 27:16 | Create | Villager (Male) |
| 27:16 | Create | Villager (Male) |
| 27:31 | Create | Villager (Male) |
| 27:34 | Build | Farm |
| 27:35 | Build | Farm |
| 27:36 | Build | Farm |
| 27:56 | Create | Cavalry Archer |
| 27:56 | Create | Cavalry Archer |
| 28:04 | Build | Archery Range |
| 28:05 | Create | Villager (Male) |
| 28:05 | Create | Villager (Male) |
| 28:07 | Create | Villager (Male) |
| 28:22 | Create | Villager (Male) |
| 28:22 | Create | Villager (Male) |
| 28:31 | Build | Farm |
| 28:32 | Build | Farm |
| 28:33 | Build | Farm |
| 28:35 | Create | Villager (Male) |
| 28:35 | Create | Villager (Male) |
| 28:38 | Create | Cavalry Archer |
| 28:39 | Create | Cavalry Archer |
| 28:56 | Create | Villager (Male) |
| 28:57 | Create | Villager (Male) |
| 29:03 | Build | House |
| 29:04 | Build | House |
| 29:04 | Build | House |
| 29:05 | Build | House |
| 29:06 | Build | House |
| 29:07 | Build | House |
| 29:10 | Create | Villager (Male) |
| 29:10 | Create | Villager (Male) |
| 29:20 | Create | Villager (Male) |
| 29:36 | Create | Villager (Male) |
| 29:36 | Create | Villager (Male) |
| 29:38 | Create | Cavalry Archer |
| 29:38 | Create | Cavalry Archer |
| 30:13 | Research | Padded Archer Armor |
| 30:22 | Build | Farm |
| 30:33 | Build | Farm |
| 30:34 | Create | Villager (Male) |
| 30:35 | Create | Villager (Male) |
| 30:35 | Create | Villager (Male) |
Build order — buua
First 150 of 583 actions detected
| 0:46 | Build | Town Center |
| 1:14 | Build | Town Center |
| 1:34 | Build | House |
| 3:16 | Create | Villager (Male) |
| 3:16 | Create | Villager (Male) |
| 3:17 | Create | Villager (Male) |
| 3:17 | Create | Villager (Male) |
| 3:17 | Create | Villager (Male) |
| 3:18 | Create | Villager (Male) |
| 4:19 | Build | Dock |
| 4:55 | Create | Villager (Male) |
| 5:07 | Build | House |
| 5:48 | Create | Villager (Male) |
| 5:48 | Create | Villager (Male) |
| 6:19 | Create | Villager (Male) |
| 7:11 | Create | Villager (Male) |
| 7:39 | Create | Fishing Ship |
| 7:51 | Create | Villager (Male) |
| 7:51 | Create | Villager (Male) |
| 7:51 | Create | Villager (Male) |
| 7:52 | Create | Villager (Male) |
| 8:03 | Build | House |
| 8:47 | Create | Villager (Male) |
| 9:35 | Create | Villager (Male) |
| 9:35 | Create | Villager (Male) |
| 9:35 | Create | Villager (Male) |
| 9:40 | Create | Fishing Ship |
| 9:40 | Create | Fishing Ship |
| 10:11 | Build | House |
| 10:37 | Create | Fishing Ship |
| 10:39 | Build | House |
| 11:23 | Create | Villager (Male) |
| 11:39 | Research | Loom |
| 11:56 | Create | Fishing Ship |
| 12:01 | Build | Dock |
| 12:05 | Create | Villager (Male) |
| 12:14 | Create | Villager (Male) |
| 12:42 | Create | Fishing Ship |
| 12:44 | Create | Fishing Ship |
| 12:46 | Create | Fishing Ship |
| 12:47 | Create | Fishing Ship |
| 12:50 | Build | House |
| 13:12 | Create | Villager (Male) |
| 13:16 | Build | House |
| 13:40 | Build | House |
| 13:47 | Build | Lumber Camp |
| 14:11 | Build | Palisade Wall |
| 14:25 | Research | Feudal Age |
| 14:44 | Build | Barracks |
| 15:02 | Build | House |
| 15:08 | Build | House |
| 15:28 | Build | House |
| 15:37 | Build | Lumber Camp |
| 16:29 | Age | Feudal Age |
| 16:32 | Create | Villager (Male) |
| 16:33 | Create | Villager (Male) |
| 16:33 | Create | Villager (Male) |
| 16:41 | Build | Mining Camp |
| 16:48 | Build | Archery Range |
| 17:01 | Research | Double-Bit Axe |
| 17:07 | Research | Gold Mining |
| 17:24 | Create | Archer |
| 17:24 | Create | Archer |
| 17:38 | Create | Villager (Male) |
| 17:38 | Create | Villager (Male) |
| 17:40 | Create | Villager (Male) |
| 17:51 | Create | Archer |
| 17:51 | Create | Archer |
| 18:09 | Create | Archer |
| 18:26 | Create | Archer |
| 18:29 | Build | Archery Range |
| 18:49 | Create | Archer |
| 18:49 | Create | Archer |
| 19:04 | Create | Villager (Male) |
| 19:04 | Create | Villager (Male) |
| 19:04 | Create | Villager (Male) |
| 19:09 | Create | Archer |
| 19:09 | Create | Archer |
| 19:10 | Create | Archer |
| 19:15 | Build | Mining Camp |
| 19:19 | Create | Villager (Male) |
| 19:40 | Build | Blacksmith |
| 19:46 | Build | House |
| 19:51 | Create | Villager (Male) |
| 20:42 | Build | House |
| 20:42 | Build | House |
| 21:05 | Research | Fletching |
| 21:08 | Build | House |
| 21:12 | Create | Villager (Male) |
| 21:13 | Create | Villager (Male) |
| 21:18 | Build | Lumber Camp |
| 21:28 | Research | Padded Archer Armor |
| 21:44 | Create | Villager (Male) |
| 21:55 | Build | House |
| 22:05 | Create | Archer |
| 22:05 | Create | Skirmisher |
| 22:05 | Create | Archer |
| 22:05 | Create | Skirmisher |
| 22:07 | Create | Archer |
| 22:07 | Create | Skirmisher |
| 22:23 | Build | Mill |
| 22:53 | Create | Villager (Male) |
| 22:53 | Create | Villager (Male) |
| 22:54 | Create | Villager (Male) |
| 23:13 | Build | Market |
| 23:21 | Build | House |
| 24:02 | Create | Villager (Male) |
| 24:03 | Create | Villager (Male) |
| 24:11 | Build | Mining Camp |
| 24:27 | Research | Castle Age |
| 24:59 | Build | House |
| 25:00 | Build | House |
| 25:31 | Research | Horse Collar |
| 26:10 | Build | House |
| 26:11 | Build | House |
| 26:29 | Create | Villager (Male) |
| 26:29 | Create | Villager (Male) |
| 26:30 | Create | Villager (Male) |
| 26:40 | Build | Archery Range |
| 26:41 | Build | Archery Range |
| 26:42 | Build | Archery Range |
| 26:55 | Age | Castle Age |
| 27:00 | Build | Castle |
| 27:13 | Create | Villager (Male) |
| 27:40 | Research | Crossbowman (upgrade) |
| 27:50 | Research | Bodkin Arrow |
| 28:07 | Create | Villager (Male) |
| 28:07 | Create | Villager (Male) |
| 28:40 | Build | Mining Camp |
| 28:45 | Build | Siege Workshop |
| 29:00 | Create | Villager (Male) |
| 29:00 | Create | Villager (Male) |
| 29:15 | Create | Battering Ram |
| 29:31 | Build | University |
| 29:36 | Create | Villager (Male) |
| 29:36 | Create | Villager (Male) |
| 29:47 | Build | Farm |
| 29:49 | Build | Farm |
| 29:50 | Build | Farm |
| 29:52 | Build | Farm |
| 29:57 | Build | Farm |
| 30:00 | Build | Farm |
| 30:13 | Build | Mining Camp |
| 30:25 | Create | Archer |
| 30:26 | Create | Archer |
| 30:26 | Create | Archer |
| 30:26 | Create | Archer |
| 30:26 | Create | Archer |
| 30:27 | Create | Archer |
| 30:27 | Create | Archer |
Match timeline
| 1:15 | KingTeOTep · first_building Dock |
| 2:39 | DeLirium · first_building Dock |
| 3:40 | keinyoung · first_building Dock |
| 4:02 | P D M · first_building Dock |
| 4:19 | buua · first_building Dock |
| 4:27 | zsedc258 · first_building Dock |
| 8:36 | juanibitel · first_building Dock |
| 8:48 | Acontitua1424 · first_building Dock |
| 10:07 | KingTeOTep · wall_segment Palisade Wall x7 |
| 10:52 | zsedc258 · wall_segment Palisade Wall x4 |
| 12:25 | zsedc258 · first_building Barracks |
| 13:02 | keinyoung · first_building Barracks |
| 14:11 | buua · wall_segment Palisade Wall x12 |
| 14:11 | DeLirium · age_up feudal |
| 14:19 | zsedc258 · age_up feudal |
| 14:40 | keinyoung · wall_segment Palisade Wall x9 |
| 14:44 | buua · first_building Barracks |
| 14:53 | keinyoung · age_up feudal |
| 15:08 | keinyoung · wall_segment Palisade Wall x10 |
| 15:18 | KingTeOTep · first_building Barracks |
| 15:19 | P D M · first_building Barracks |
| 15:44 | P D M · age_up feudal |
| 16:10 | keinyoung · wall_segment Palisade Wall x7 |
| 16:18 | keinyoung · wall_segment Palisade Wall x7 |
| 16:29 | buua · age_up feudal |
| 16:48 | buua · first_building Archery Range |
| 17:14 | DeLirium · first_building Barracks |
| 17:54 | P D M · first_building Archery Range |
| 18:09 | KingTeOTep · first_building Archery Range |
| 18:17 | DeLirium · first_building Stable |
| 18:24 | DeLirium · first_building Archery Range |
| 18:24 | Acontitua1424 · first_building Barracks |
| 18:33 | juanibitel · first_building Barracks |
| 19:02 | DeLirium · age_up castle |
| 21:01 | Acontitua1424 · first_building Stable |
| 21:02 | DeLirium · first_market_sell 100 food |
| 21:07 | zsedc258 · first_market_sell 100 wood |
| 21:08 | zsedc258 · first_market_buy 100 food |
| 21:15 | keinyoung · wall_segment Palisade Wall x7 |
| 21:16 | juanibitel · age_up feudal |
| 21:26 | P D M · age_up castle |
| 22:02 | juanibitel · first_building Stable |
| 23:12 | keinyoung · age_up castle |
| 23:32 | keinyoung · first_building Castle |
| 23:57 | zsedc258 · resign |
| 24:15 | buua · first_market_sell 100 stone |
| 24:19 | buua · first_market_buy 100 food |
| 24:57 | juanibitel · first_market_buy 100 food |
| 24:59 | juanibitel · first_market_sell 100 wood |
| 25:40 | keinyoung · first_building Siege Workshop |
| 26:55 | buua · age_up castle |
| 27:00 | buua · first_building Castle |
| 27:43 | juanibitel · age_up castle |
| 28:10 | keinyoung · first_building Archery Range |
| 28:45 | buua · first_building Siege Workshop |
| 31:28 | DeLirium · first_building Castle |
| 32:08 | P D M · first_building Castle |
| 34:18 | DeLirium · first_building Monastery |
| 34:49 | buua · first_building Stable |
| 35:20 | juanibitel · first_building Castle |
| 35:41 | KingTeOTep · first_building Castle |
| 35:51 | DeLirium · first_market_buy 100 food |
| 43:55 | KingTeOTep · first_building Siege Workshop |
| 45:00 | DeLirium · age_up imperial |
| 47:21 | juanibitel · age_up imperial |
| 48:25 | buua · age_up imperial |
| 49:40 | P D M · age_up imperial |
| 50:36 | buua · first_building Monastery |
| 53:22 | P D M · first_building Stable |
| 55:33 | keinyoung · wall_segment Stone Wall x9 |
| 64:36 | juanibitel · first_building Monastery |
[ AI ANALYSIS · 1 CREDIT ]
What really happened in this match?
Wolo.gg analyzes every decision: build order, eco, micro, common mistakes by bracket. Personalized analysis on WhatsApp or Discord in 30 seconds.
Civ guide
Cumans
Map guide
Nomad
Perfil
Jugador #24464521